 Dungeon Crawl Stone Soup version 0.30.1-9-gdf580d7c3d (webtiles) character file.

Game seed: 6246648034116624950

192 lonewolfV2 the Shield-Bearer (level 6, -3/49 HPs)
             Began as a Formicid Fighter on Oct 3, 2023.
             Slain by Robin
             ... wielding a +0 trident
              (6 damage)
             ... on level 3 of the Dungeon.
             The game lasted 00:03:31 (2183 turns).

lonewolfV2 the Shield-Bearer (Formicid Fighter)     Turns: 2183, Time: 00:03:32

Health: -3/49      AC:  7    Str: 20    XL:     6   Next: 2%
Magic:  6/6        EV:  9    Int:  8    God:
Gold:   127        SH:  5    Dex: 15    Spells: 5/5 levels left

rFire   . . .        a - +0 war axe
rCold   . . .        c - +0 buckler
rNeg    . . .        b - +0 scale mail
rPois   .            (helmet unavailable)
rElec   .            (no cloak)
rCorr   .            (no gloves)
SInv    +            (no boots)
Will    .....        f - amulet of the acrobat Stlth
                     (no ring)
HPRegen 0.28/turn    (no ring)
MPRegen 0.10/turn

%: acrobat
@: mighty
A: permanent stasis, dig shafts and tunnels, antennae 3, four strong arms
a: Dig, Shaft Self


You were on level 3 of the Dungeon.
You visited 1 branch of the dungeon, and saw 3 of its levels.

You collected 127 gold pieces.

Inventory:

Hand Weapons
 a - a +0 war axe (weapon)
Armour
 b - a +0 scale mail (worn)
 c - a +0 buckler (worn)
Jewellery
 f - an amulet of the acrobat (around neck)
 o - a ring of ice
Scrolls
 e - a scroll of silence {unknown}
 i - a scroll of fear {unknown}
 k - 2 scrolls of identify {unknown}
 l - 2 scrolls of poison {unknown}
 m - 2 scrolls of teleportation {unknown}
 p - a scroll of fog {unknown}
 r - a scroll of magic mapping {unknown}
 s - a scroll of immolation {unknown}
Potions
 d - a potion of might
 g - 2 potions of curing {unknown}
 h - a potion of berserk rage {unknown}
 j - a potion of attraction {unknown}
 n - 2 potions of cancellation {unknown}
 q - a potion of ambrosia {unknown}
 t - a potion of flight {unknown}
 u - a potion of brilliance {unknown}
 v - a potion of heal wounds {unknown}


   Skills:
 + Level 4.3 Fighting
 + Level 4.0 Axes
 + Level 4.1 Armour
 + Level 0.8 Dodging
 + Level 4.5 Shields


You had 5 spell levels left.
You didn't know any spells.
Your spell library contained the following spells:

 Spells                   Type           Power      Damage    Failure   Level
 Apportation              Tloc           0%         N/A       83%         1
 Lesser Beckoning         Tloc           0%         N/A       92%         2
 Gell's Gravitas          Tloc           0%         N/A       99%         3
 Teleport Other           Tloc           0%         N/A       99%         3
 Alistair's Intoxication  Tmut/Pois      0%         N/A       100%        5


Dungeon Overview and Level Annotations

Branches:
Dungeon (3/15)

Altars:

Annotations:
D:3 Robin


Innate Abilities, Weirdness & Mutations

You cannot be hasted, slowed, berserked, paralysed or teleported.
You can dig through walls and to a lower floor.
You have a pair of large antennae on your head. (SInv)
Your four strong arms can wield two-handed weapons with a shield.


Message History

The jackal skeleton bites you but does no damage.
The endoplasm freezes you.
You are frozen.
The goblin hits you with a +0 dagger. Robin throws the goblin at you!
Unknown command.
You slash Robin!
Robin is severely wounded.
You barely miss the jackal skeleton. You closely miss the goblin.
You hit the adder zombie. You hit the endoplasm.
You kill the endoplasm!
The jackal skeleton bites you but does no damage.
You block the adder zombie's attack. The goblin hits you with a +0 dagger.
Robin barely misses you.
You hit Robin but do no damage.
Robin is severely wounded.
You barely miss the goblin. You hit the adder zombie.
You completely miss the jackal skeleton.
The jackal skeleton completely misses you.
The adder zombie bites you but does no damage.
The goblin hits you but does no damage. Robin closely misses you.
You block the jackal skeleton's attack. The adder zombie bites you.
* * * LOW HITPOINT WARNING * * *
You hit Robin.
Robin is severely wounded.
You hit the jackal skeleton. You hit the goblin but do no damage.
You slash the adder zombie! The goblin hits you but does no damage.
Robin hits you with a +0 trident.
* * * LOW HITPOINT WARNING * * *
The jackal skeleton bites you but does no damage.
The adder zombie bites you.
* * * LOW HITPOINT WARNING * * *
The goblin hits you but does no damage. Robin hits you with a +0 trident!
* * * LOW HITPOINT WARNING * * *
The jackal skeleton bites you.
* * * LOW HITPOINT WARNING * * *
You feel very mighty all of a sudden.
The adder zombie bites you but does no damage.
You block the jackal skeleton's attack. The goblin closely misses you.
Robin hits you with a +0 trident.
You die...

.~~~~.... #.# P........
#.# ......... . #.#
.########## ..#####.##
.# # .........####'### #
................# #
......Z.........# #
......g@Z)......# #
#.......g.......########
.#'####'#)).....#......#
#.#.†.....#......#
#.#.......†......#
#'#########......#
......... #......#
.........##......#
............(....#


You could see Robin, an adder zombie, a goblin (strong) and a jackal skeleton.

Vanquished Creatures
  Jessica (D:2)
  A scorpion zombie (D:3)
  3 gnolls (D:3)
  4 adders
  3 worms (D:2)
  A dart slug (D:2)
  An orc (D:3)
  2 ball pythons
  2 bats (D:2)
  4 endoplasms
  3 giant cockroaches
  12 goblins
  6 hobgoblins
  4 jackals (D:2)
  A quokka (D:1)
  2 ball python skeletons (D:3)
  3 frilled lizards
  A giant cockroach zombie (D:3)
  A jackal skeleton (D:3)
  5 kobolds
  4 rats
64 creatures vanquished.

Notes
Turn   | Place    | Note
-------+----------+-------------------------------------------
     0 | D:1      | lonewolfV2 the Formicid Fighter began the quest for the
                  | Orb.
     0 | D:1      | Reached XP level 1. HP: 18/18 MP: 1/1
   295 | D:1      | You fall into a shaft and drop 1 floor!
   302 | D:2      | Reached XP level 2. HP: 24/24 MP: 2/2
   722 | D:1      | Reached XP level 3. HP: 30/30 MP: 3/3
  1082 | D:2      | Noticed Jessica
  1094 | D:2      | Killed Jessica
  1095 | D:2      | Reached XP level 4. HP: 33/37 MP: 4/4
  1915 | D:3      | Reached XP level 5. HP: 42/42 MP: 5/5
  2168 | D:3      | Noticed Robin
  2178 | D:3      | Reached XP level 6. HP: 34/49 MP: 6/6
  2182 | D:3      | HP: 2/49 [jackal skeleton (2)]
  2183 | D:3      | Slain by Robin

Illustrated notes

Levels and vault maps discovered:
D:1:      eino_arrival_cavern_c, layout_loops_ring, serial_glass,
          glass_columns_a, glass_columns_b, glass_columns_a, glass_columns_a
D:2:      minmay_angry_zag, layout_loops_cross, uniq_jessica
D:3:      layout_basic, serial_undead, serial_undead_b, serial_undead_c,
          serial_undead_e, serial_undead_b, serial_undead_b, serial_undead_f,
          serial_undead_f, serial_undead_b, serial_undead_d, serial_undead_c,
          uniq_robin

Skill      XL: |  1  2  3  4  5 |
---------------+----------------+-----
Fighting       | 4 |  4.3
Armour         | 4 |  4.1
Axes           | 3 4 |  4.0
Dodging        | |  0.8
Shields        | |  4.5

Action                     |  1- 3 |  4- 6 || total
---------------------------+-------+-------++-------
  Melee: War axe           |    83 |    87 ||   170
    Use: Potion            |       |     1 ||     1
 Armour: Scale mail        |    36 |    45 ||    81
  Dodge: Dodged            |    36 |    65 ||   101
  Block: Buckler           |    20 |    33 ||    53
